AoeStats
← aime_la

Migration

508897723Analyzed
1v1 RM · 7d ago on Sep 24, 2026· 30m 44s· 2 players
Game mode
Random Map
Map size
132×132
Population
200
Speed
Normal
Resources
Standard
Victory
Conquest
Starting age
Dark Age
Ending age
Imperial Age
RankedLock teamsTeams togetherTeam positionsShared explorationLock speedFull tech treeHidden civsTurbo modeCheats
Victory
Defeat
🇹🇭 Slavs · Thailand
788
+15
🇷🇺 Vikings · Russia
764
-15
aime_la
2:07 Loom
2:21 Loom
11:35 Feudal Age
12:47 Double-Bit Axe
13:07 Town Watch
14:20 Fishing Lines
15:52 Gold Mining
20:32 Castle Age
18:32 Stone Mining
21:47 Bow Saw
25:39 Gillnets
26:48 Town Patrol
28:17 Medium Warships
Myth
5:08 Loom
11:46 Feudal Age
13:15 Double-Bit Axe
19:56 Castle Age
18:44 Fishing Lines
20:09 Gold Mining
21:05 Wheelbarrow
20:43 Town Watch
22:05 Gold Shaft Mining
21:41 Bow Saw
22:53 Ballistics
23:18 Hand Cart
23:22 Medium Warships
23:13 Fletching
25:22 Gillnets
26:47 Bodkin Arrow
27:48 Town Patrol
Connection lost

Rejoining the realm…

Still unreachable

The connection could not be restored.

Session expired

The server has moved on; the page needs a fresh start.